 Dungeon Crawl Stone Soup version 0.29-a0-91-gdebf4667c2 (console) character file.

Game seed: 3574555239812584763

168 johnzorn the Cudgeller (level 5, -1/47 HPs)
             Began as a Minotaur Berserker on Feb 8, 2022.
             Was a Believer of Trog.
             Slain by an ogre (29 damage)
             ... on level 4 of the Dungeon.
             The game lasted 00:10:16 (3274 turns).

johnzorn the Cudgeller (Minotaur Berserker)         Turns: 3274, Time: 00:10:16

Health: -1/47      AC:  5    Str: 24    XL:     5   Next: 24%
Magic:  4/4        EV: 11    Int:  4    God:    Trog [**....]
Gold:   123        SH:  0    Dex:  9    Spells: 4/4 levels left

rFire   . . .      SeeInvis .   a - +0 mace
rCold   . . .      Faith    .   i - orb {light}
rNeg    . . .      Spirit   .   h - +0 ring mail
rPois   .          Reflect  .   (helmet restricted)
rElec   .          Harm     .   (no cloak)
rCorr   .          Rampage  .   (no gloves)
Will    .....                   (no boots)
Stlth   ..........              (no amulet)
HPRegen 0.15/turn               (no ring)
MPRegen 0.09/turn               (no ring)

@: glowing
A: horns 2, retaliatory headbutt
a: Renounce Religion, Berserk, Trog's Hand


You were on level 4 of the Dungeon.
You worshipped Trog.
Trog was pleased with you.
You visited 1 branch of the dungeon, and saw 4 of its levels.

You collected 123 gold pieces.

Inventory:

Hand Weapons
 a - a +0 mace (weapon)
Armour
 b - a +0 animal skin
 h - a +0 ring mail (worn)
 i - an orb of light (worn)
Scrolls
 c - a scroll of brand weapon
 d - 2 scrolls of fog
 f - 2 scrolls of teleportation
 g - a scroll of identify
 k - a scroll of summoning {unknown}
 l - a scroll of magic mapping {unknown}
 m - a scroll of noise {unknown}
Potions
 e - 2 potions of lignification {unknown}
 j - a potion of curing {unknown}


   Skills:
 + Level 4.6 Fighting
 + Level 5.8 Maces & Flails
 + Level 3.4 Armour
 + Level 2.5 Dodging
 + Level 0.4 Stealth


You had 4 spell levels left.
You didn't know any spells.
Your spell library was empty.

Dungeon Overview and Level Annotations

Branches:
Dungeon (4/15)
 Temple: D:4-7

Altars:


Innate Abilities, Weirdness & Mutations

You have a pair of horns on your head.
You reflexively headbutt those who attack you in melee.


Message History

(D) Dungeon
Where to? (Enter - D:3, ? - help)
There is a stone staircase leading up here.
There is a stone staircase leading down here.
You climb downwards.
Found 4 gold pieces.
Found a stone staircase leading up.
There is a stone staircase leading up here.
There is a stone staircase leading up here.
Found a leather armour.
A kobold comes into view. It is wielding a +0 dagger.
The kobold shouts!
A hound comes into view.
An ogre comes into view. It is wielding a +0 giant club.
The hound barks!
The ogre shouts!
You hear a bark!
The hound stops to sniff the ground.
The hound bites you. The hound barely misses you.
You thump the hound! Your headbutt misses the hound.
The hound is severely wounded.
The hound bites you but does no damage. The hound closely misses you.
The hound misses you.
You hit the hound but do no damage.
The hound is severely wounded.
The hound bites you but does no damage.
You thump the hound!
You kill the hound!
Trog accepts your kill.
You barely miss the kobold. You headbutt the kobold.
You kill the kobold!
Trog accepts your kill.
A hound comes into view.
The hound barks!
You hit the ogre. You headbutt the ogre!
The ogre is heavily wounded.
The ogre hits you with a +0 giant club!!
You sock the ogre!
The ogre is severely wounded.
The ogre hits you with a +0 giant club!!
Ouch! That really hurt!
You die...

# #. ##########
##.# #<<.......
##.[.###@########
......$#O#
.#.......#
#......h##
.............#
#...$...######
##...#.## ##.##.
#. #. # #. ..


You could see an ogre and a hound.

Vanquished Creatures
  A jelly (D:3)
  A hound (D:4)
  An adder (D:2)
  3 gnolls (D:2)
  2 worms
  8 bats
  6 endoplasms
  3 giant cockroaches
  3 goblins
  6 hobgoblins
  3 jackals (D:2)
  7 kobolds
  4 quokkas
  6 ball pythons
  2 frilled lizards (D:1)
  12 rats
68 creatures vanquished.

Vanquished Creatures (others)
  A plant (D:1)
1 creature vanquished.

Grand Total: 69 creatures vanquished

Notes
Turn   | Place    | Note
-------+----------+-------------------------------------------
     0 | D:1      | johnzorn the Minotaur Berserker began the quest for the
                  | Orb.
     0 | D:1      | Reached XP level 1. HP: 19/19 MP: 0/0
   116 | D:1      | Found a faded altar of an unknown god.
   165 | D:1      | Reached skill level 4 in Maces & Flails
   186 | D:1      | Reached XP level 2. HP: 27/27 MP: 1/1
   701 | D:1      | Reached ** piety under Trog
   923 | D:1      | Reached XP level 3. HP: 33/33 MP: 2/2
  1347 | D:2      | Reached skill level 5 in Maces & Flails
  1562 | D:2      | Reached XP level 4. HP: 40/41 MP: 3/3
  3049 | D:3      | Reached XP level 5. HP: 39/47 MP: 4/4
  3265 | D:4      | Noticed an ogre
  3274 | D:4      | Slain by an ogre

Illustrated notes

Levels and vault maps discovered:
D:1:      dpeg_arrival_rhombi, layout_basic, ebering_ecumenical_altar_box,
          serial_forest, infiniplex_forest_clump_tiny,
          infiniplex_forest_corner_2, infiniplex_forest_clump_cross,
          infiniplex_forest_pool, infiniplex_forest_end_double,
          infiniplex_forest_straight_5, infiniplex_forest_straight_3,
          minmay_hexomino_c4
D:2:      layout_basic
D:3:      layout_rooms, serial_co_window_serial, co_window_cross_1,
          co_window_paths_a, co_window_paths_a, co_window_corner_a,
          co_window_paths_b, co_window_paths_c, co_window_broadway_b,
          co_window_2corner, co_window_unsneaky_path_a, co_window_paths_c,
          co_window_of_opportunity_c, co_window_4corner_b, co_window_paths_d
D:4:      layout_loops_ring, makhleb_blood_cavern_becter, kennysheep_little_box,
          serial_shops, nicolae_diamond_shop

Skill      XL: |  1  2  3  4 |
---------------+-------------+-----
Maces & Flails | 4 5 |  5.8
Fighting       | 4 |  4.6
Armour         | 3 |  3.4
Dodging        | |  2.5
Stealth        | |  0.4

Action                   |  1- 3 |  4- 6 || total
-------------------------+-------+-------++-------
Melee: Mace              |    65 |    58 ||   123
       Headbutt          |     8 |    16 ||    24
Invok: Trog's Hand       |     1 |       ||     1
  Use: Scroll            |     4 |       ||     4
 Stab: Sleeping          |     2 |       ||     2
Armor: Animal skin       |     7 |       ||     7
       Ring mail         |     4 |    22 ||    26
Dodge: Dodged            |    33 |    30 ||    63

Table legend: (Time is in decaauts)
 A = Elapsed time spent in this place.
 B = Non-inter-level travel time spent in this place.
 C = Inter-level travel time spent in this place.
 D = Time resting spent in this place.
 E = Time spent auto-exploring this place.
 F = Levels seen in this place.
 G = Mean time per level.
                   A        B        C        D        E       F      G
               +--------+--------+--------+--------+--------+-----+--------+
         Total |   3292 |   3187 |    105 |    207 |   2569 |   4 |  823.0 |
       Dungeon |   3292 |   3187 |    105 |    207 |   2569 |   4 |  823.0 |
               +--------+--------+--------+--------+--------+-----+--------+

Top non-repeatable levels by time:
     D:1: 1333 daAuts
     D:3: 1192 daAuts
     D:2: 750 daAuts
     D:4: 15 daAuts
